 Dungeon Crawl Stone Soup version 0.31-a0-1395-g7c67ea8c80 (webtiles) character file.

Game seed: 15870131573523734276

20125 Querens the Blocker (level 13, -1/107 HPs)
             Began as a Formicid Fighter on Dec 24, 2023.
             Was a High Priest of Makhleb.
             Slain by an orc priest
             ... wielding a +0 flail
              (2 damage)
             ... on level 2 of the Orcish Mines on Dec 25, 2023.
             The game lasted 00:41:12 (8057 turns).

Querens the Blocker (Formicid Fighter)              Turns: 8057, Time: 00:41:13

Health: -1/107     AC: 20    Str: 25    XL:     13   Next: 9%
Magic:  13/13      EV:  7    Int:  9    God:    Makhleb [*****.]
Gold:   586        SH:  7    Dex: 13    Spells: 12/12 levels left

rFire   . . .        f - +0 battleaxe (flame)
rCold   + . .        c - +0 buckler
rNeg    + . .        O - +2 plate armour {rN+}
rPois   .            (helmet unavailable)
rElec   .            u - +0 cloak
rCorr   .            n - +0 pair of gloves
SInv    +            (no boots)
Will    ++...        D - amulet of the acrobat Stlth
                     e - ring of protection from cold
HPRegen 0.37/turn    t - ring of willpower
MPRegen 0.13/turn

%: acrobat
@: invisible
A: permanent stasis, dig shafts and tunnels, antennae 3, four strong arms
a: Dig, Shaft Self, Renounce Religion, Minor Destruction, Lesser Servant of
Makhleb, Major Destruction, Greater Servant of Makhleb


You were on level 2 of the Orcish Mines.
You worshipped Makhleb.
Makhleb was extremely pleased with you.
You visited 3 branches of the dungeon, and saw 13 of its levels.
You also visited: Volcano.

You collected 1073 gold pieces.
You spent 487 gold pieces at shops.

Inventory:

Hand Weapons
 a - a +2 great mace of flaming
 f - a +0 battleaxe of flaming (weapon)
 p - a +3 war axe
 y - the +5 sling of the Open Hand {speed, Dex+7}
   (You found it on level 10 of the Dungeon)

   Dex+7:     It affects your dexterity (+7).
Missiles
 b - a throwing net
Armour
 c - a +0 buckler (worn)
 n - a +0 pair of gloves (worn)
 o - a +3 ring mail of fire resistance
 u - a +0 cloak (worn)
 G - +0 ice dragon scales
 I - a +0 scale mail of poison resistance
 O - a +2 plate armour of positive energy (worn)
Jewellery
 e - a ring of protection from cold (left hand)
 h - an amulet of magic regeneration
 t - a ring of willpower (right hand)
 D - an amulet of the acrobat (around neck)
 F - a ring of fire
Wands
 g - a wand of iceblast (5)
 J - a wand of mindburst (6)
 K - a wand of polymorph (10)
Scrolls
 j - 2 scrolls of enchant armour {unknown}
 k - a scroll of brand weapon {unknown}
 l - 2 scrolls of summoning
 m - 2 scrolls of revelation
 q - a scroll of acquirement {unknown}
 s - 2 scrolls of identify
 w - 2 scrolls of poison
 x - a scroll of immolation {unknown}
 z - a scroll of fog {unknown}
 B - 2 scrolls of noise
 L - a scroll of enchant weapon {unknown}
 M - a scroll of fear
Potions
 i - 4 potions of curing
 r - 5 potions of lignification
 v - 3 potions of cancellation


   Skills:
 + Level 11.8 Fighting
 * Level 11.0 Axes
 + Level 11.9 Armour
 + Level 14.0 Shields


You had 12 spell levels left.
You didn't know any spells.
Your spell library contained the following spells:

 Spells                   Type           Power      Damage    Failure   Level
 Ensorcelled Hibernation  Hex/Ice        0%         N/A       99%         2
 Lesser Beckoning         Tloc           0%         N/A       99%         2
 Passwall                 Alch/Erth      0%         N/A       99%         2
 Gell's Gravitas          Tloc           0%         N/A       100%        3
 Teleport Other           Tloc           0%         N/A       100%        3
 Arcjolt                  Conj/Air       0%         1d10      100%        5
 Maxwell's Capacitive Co  Air            0%         ∞         100%        8
 Swiftness                Air            Unusable   N/A       N/A         3
 Vhi's Electric Charge    Tloc/Air       Unusable   N/A       N/A         4

Dungeon Overview and Level Annotations

Branches:
Dungeon (10/15)            Temple (1/1) D:6            Lair (0/5) D:8
    Orc (2/2) D:10            Elf (0/3) Orc:2       Volcano (visited)

Altars:
Ashenzari
Cheibriados
Dithmenos
Elyvilon
Fedhas
Gozag
Hepliaklqana
Kikubaaqudgha
Makhleb
Nemelex Xobeh
Okawaru
Qazlal
Ru
Sif Muna
Trog
Uskayaw
Vehumet
Wu Jian
Xom
Yredelemnul
Zin
The Shining One

Shops:
D:4 (   D:7 ?   Orc:2 ?=

Annotations:
D:3 3 runed translucent doors, dracos369's ghost, weakling OnWr


Innate Abilities, Weirdness & Mutations

You cannot be hasted, slowed, berserked, paralysed or teleported.
You can dig through walls and to a lower floor.
You have a pair of large antennae on your head. (SInv)
Your four strong arms can wield two-handed weapons with a shield.


Message History

Unknown command.
You strike the helpless orc high priest from behind!
You slice the orc high priest!! You burn the orc high priest.
The orc high priest is severely wounded.
You slash the orc! You burn the orc.
You kill the orc!
Makhleb accepts your kill.
You catch the helpless orc knight completely off-guard!
You hit the orc knight but do no damage.
You hit the orc knight. You burn the orc knight.
The ynoxinul bellows!
The orc knight roars a battlecry!
The orc priest goes into a battle-frenzy!
The orc knight hits you with a +2 battleaxe!
Unknown command.
You slash the orc priest! You burn the orc priest.
You kill the orc priest!
Makhleb accepts your kill.
You feel better.
You barely miss the orc knight. You hit the orc priest.
You burn the orc priest. You hit the orc knight. You burn the orc knight.
The orc knight hits you with a +1 great sword!
Your Axes skill increases to level 11!
Your Shields skill increases to level 14!
Unknown command.
Unknown command.
You slice the orc knight!! You burn the orc knight.
The orc knight is heavily wounded.
You barely miss the orc warrior.
You strike the helpless orc priest from behind!
You slash the orc priest! You burn the orc priest. You slash the ynoxinul!
You burn the ynoxinul. You barely miss the orc priest.
The orc priest barely misses you. The orc priest closely misses you.
The orc knight hits you with a +1 great sword!!
* * * LOW HITPOINT WARNING * * *
The ynoxinul barely misses you.
The orc high priest utters an invocation to Beogh.
The orc warrior hits you from afar with a +0 halberd!
* * * LOW HITPOINT WARNING * * *
The orc priest hits you with a +0 flail.
You die...

{{ ##...... ...#...# ..#
###...... .........
...###........ ....#...#
... #.........
#...........# ##.###....
#...#..o#...# ### #....
#......o.o# ###..
#..#.oo#..# ##.#.
#..oo@o.# #....
###33o### #####...
#...o..#### ##.#.....
##....)))#.###........
#....$.3.).....#..#####
........)..#.......#....
..........#.....#..#.###
#..##...###....#...#..∩#
...#.....#......#..#####


You could see 2 orc knights, a soul eater (summoned), an orc high priest
(strong, unable to see you), a neqoxec (summoned, unable to see you), a ynoxinul
(summoned, unable to see you), 2 orc warriors and 5 orc priests.

Vanquished Creatures
  A red draconian (Volcano)
  An ogre mage (Volcano)
  11 two-headed ogres
  A tengu warrior (D:10)
  An obsidian statue (Volcano)
  2 orc sorcerers
  A kobold blastminer (Orc:1)
  A hornet (D:8)
  A wraith (D:9)
  2 shadows (D:10)
  13 yaks
  4 fire bats (Volcano)
  7 wyverns
  A steam dragon (D:6)
  A warg (Orc:1)
  3 water moccasins (D:8)
  20 orc warriors
  A black bear (D:7)
  2 ogres
  An ice beast (D:6)
  4 centaurs
  2 phantoms (D:6)
  A bullfrog (D:7)
  A gnoll sergeant (D:9)
  5 scorpions
  13 wights
  An electric eel (D:10)
  2 howler monkeys (D:10)
  2 bombardier beetles
  3 lava snakes (Volcano)
  3 jellies
  15 orc priests
  3 iguanas
  A sleepcap (D:7)
  28 orc wizards
  9 gnolls
  4 adders
  2 shadow imps (D:6)
  2 white imps
  2 ufetubi (D:5)
  2 worms (D:2)
  2 dart slugs
  80 orcs
  7 endoplasms
  5 giant cockroaches
  10 goblins
  10 hobgoblins
  3 quokkas (D:3)
  11 ball pythons
  5 bats
  2 frilled lizards
  7 kobolds
  2 rats
324 creatures vanquished.

Notes
Turn   | Place    | Note
-------+----------+-------------------------------------------
     0 | D:1      | Querens the Formicid Fighter began the quest for the Orb.
     0 | D:1      | Reached XP level 1. HP: 18/18 MP: 1/1
   153 | D:1      | Reached XP level 2. HP: 22/24 MP: 2/2
   639 | D:2      | Reached XP level 3. HP: 20/29 MP: 3/3
  1063 | D:2      | Reached XP level 4. HP: 28/37 MP: 4/4
  1494 | D:3      | Found a faded altar of an unknown god.
  1549 | D:3      | Found a runed translucent gate.
  1549 | D:3      | Found an opulent altar of Gozag.
  1550 | D:3      | Found a runed translucent gate.
  1551 | D:3      | Found a runed translucent gate.
  1552 | D:3      | Noticed dracos369's ghost (weakling OnWr)
  1552 | D:3      | Noticed an ogre
  1686 | D:4      | Reached XP level 5. HP: 37/42 MP: 5/5
  1702 | D:4      | Reached skill level 5 in Shields
  1724 | D:4      | Found Tysengui's Antique Weapon Boutique.
  2141 | D:4      | Reached XP level 6. HP: 47/49 MP: 6/6
  2460 | D:4      | Reached skill level 5 in Armour
  2460 | D:4      | Reached XP level 7. HP: 23/55 MP: 7/7
  2467 | D:4      | Reached skill level 6 in Shields
  2632 | D:4      | Reached skill level 5 in Fighting
  2686 | D:5      | Entered Level 5 of the Dungeon
  3384 | D:6      | Reached XP level 8. HP: 32/63 MP: 8/8
  3448 | D:6      | Reached skill level 7 in Shields
  3528 | D:6      | Found a staircase to the Ecumenical Temple.
  3547 | Temple   | Entered the Ecumenical Temple
  3556 | Temple   | Became a worshipper of Makhleb the Destroyer
  3598 | D:6      | Reached skill level 5 in Axes
  3723 | D:6      | Identified the +2 robe "Niycut" {rPois Str+2 SInv}
  3741 | D:6      | Found a shadowy altar of Dithmenos.
  4101 | D:7      | Noticed a wyvern
  4104 | D:7      | Killed a wyvern
  4105 | D:7      | Reached skill level 8 in Shields
  4105 | D:7      | Reached XP level 9. HP: 69/71 MP: 9/9
  4273 | D:7      | Noticed a two-headed ogre
  4281 | D:7      | You fall into a shaft and drop 1 floor!
  4344 | D:7      | Found Xegoreim's Magic Scroll Emporium.
  4352 | D:7      | Bought a scroll of identify for 30 gold pieces
  4352 | D:7      | Bought a scroll of identify for 30 gold pieces
  4352 | D:7      | Bought a scroll of identify for 30 gold pieces
  4352 | D:7      | Bought a scroll of fear for 60 gold pieces
  4352 | D:7      | Bought a scroll of fear for 60 gold pieces
  4352 | D:7      | Bought a scroll of revelation for 112 gold pieces
  4352 | D:7      | Bought a scroll of identify for 30 gold pieces
  4461 | D:7      | Reached * piety under Makhleb
  4508 | D:7      | Killed a two-headed ogre
  4509 | D:7      | Reached skill level 9 in Shields
  4544 | D:7      | Noticed a two-headed ogre
  4559 | D:7      | Killed a two-headed ogre
  4560 | D:7      | Reached XP level 10. HP: 47/80 MP: 10/10
  4715 | D:8      | Reached skill level 10 in Shields
  5004 | D:8      | You fall into a shaft and drop 1 floor!
  5074 | D:9      | Found a blossoming altar of Fedhas.
  5143 | D:9      | Reached ** piety under Makhleb
  5151 | D:9      | Noticed a two-headed ogre
  5159 | D:9      | Killed a two-headed ogre
  5160 | D:9      | Reached XP level 11. HP: 70/89 MP: 11/11
  5179 | D:9      | Noticed a two-headed ogre
  5191 | D:9      | Killed a two-headed ogre
  5192 | D:9      | Reached skill level 11 in Shields
  5443 | D:9      | Found a white marble altar of Elyvilon.
  5704 | D:9      | Reached skill level 10 in Armour
  5919 | D:8      | Reached skill level 10 in Fighting
  5925 | D:8      | Reached *** piety under Makhleb
  5936 | D:8      | Found a staircase to the Lair.
  6028 | D:8      | Found a broken altar of Ashenzari.
  6028 | D:8      | Found a hide-covered altar of Uskayaw.
  6111 | D:10     | Entered Level 10 of the Dungeon
  6148 | D:10     | Reached skill level 12 in Shields
  6274 | D:10     | Identified the +5 sling of the Open Hand {speed, Dex+7}
  6484 | D:10     | Found a staircase to the Orcish Mines.
  6496 | D:10     | Reached **** piety under Makhleb
  6665 | D:10     | Noticed a two-headed ogre
  6686 | D:10     | Killed a two-headed ogre
  6698 | D:10     | Noticed a tengu warrior
  6717 | D:10     | Killed a tengu warrior
  6718 | D:10     | Reached XP level 12. HP: 47/99 MP: 12/12
  6799 | Orc:1    | Entered Level 1 of the Orcish Mines
  6877 | Orc:1    | Upgraded the game from 0.31-a0-1376-g36f0627844 to
                  | 0.31-a0-1395-g7c67ea8c80
  6908 | Orc:1    | Found a dark tunnel.
  6921 | Volcano  | Entered a volcano
  7142 | Volcano  | Noticed a two-headed ogre
  7142 | Volcano  | Noticed a two-headed ogre
  7149 | Volcano  | Noticed a red draconian
  7152 | Volcano  | Noticed an ogre mage
  7157 | Volcano  | Killed a two-headed ogre
  7157 | Volcano  | Killed a two-headed ogre
  7158 | Volcano  | Reached skill level 13 in Shields
  7160 | Volcano  | Noticed a two-headed ogre
  7160 | Volcano  | Noticed a two-headed ogre
  7169 | Volcano  | Killed a red draconian
  7171 | Volcano  | Killed an ogre mage
  7172 | Volcano  | Reached skill level 10 in Axes
  7173 | Volcano  | Killed a two-headed ogre
  7176 | Volcano  | Killed a two-headed ogre
  7188 | Volcano  | Noticed a two-headed ogre
  7191 | Volcano  | Found a bloodstained altar of Trog.
  7204 | Volcano  | Killed a two-headed ogre
  7221 | Volcano  | Found a burning altar of Makhleb.
  7353 | Orc:1    | Noticed a two-headed ogre
  7359 | Orc:1    | Killed a two-headed ogre
  7366 | Orc:1    | HP: 5/100 [orc warrior/+2 heavy mace (3)]
  7663 | Orc:2    | Entered Level 2 of the Orcish Mines
  7663 | Orc:2    | Found a staircase to the Elven Halls.
  7709 | Orc:1    | Reached XP level 13. HP: 80/107 MP: 13/13
  7824 | Orc:2    | Found Jogouhafo's Magic Scroll Emporium.
  7827 | Orc:2    | Bought a scroll of identify for 30 gold pieces
  7827 | Orc:2    | Bought a scroll of poison for 60 gold pieces
  7827 | Orc:2    | Bought a scroll of noise for 15 gold pieces
  7827 | Orc:2    | Bought a scroll of identify for 30 gold pieces
  7915 | Orc:2    | Found Deotan's Jewellery Shoppe.
  8018 | Orc:2    | Reached ***** piety under Makhleb
  8057 | Orc:2    | Reached skill level 14 in Shields
  8057 | Orc:2    | HP: 1/107 [orc warrior/+0 halberd (16)]
  8057 | Orc:2    | Slain by an orc priest

Illustrated notes

Levels and vault maps discovered:
D:1:      orjb1_lava_funnel, layout_loops_ring, serial_glass, glass_columns_c,
          glass_columns_a
D:2:      layout_loops_ring, nicolae_hexahallways, nicolae_figureground_sparkle
D:3:      corexii_shack_village, layout_rooms, ebering_ghost_gozag,
          dreamdust_ecumenical_altar_hidden_monk_grotto
D:4:      minmay_chambers_of_twos, layout_layer_cave, serial_shops,
          nicolae_shop_real_fake_doors
D:5:      layout_basic
D:6:      minmay_flawed_box, layout_cave_pools,
          mainiacjoe_overflow_surrounded_room, temple_fountains
D:7:      layout_loops_cross, serial_shops, shop, dreamdust_mushroom_princess
D:8:      layout_basic, amethyst_overflow_temple_binary, minmay_lair_entry_grove
D:9:      layout_basic, fedhas_bush_and_centaur_altar, elyvilon_altar_1
D:10:     cheibrodos_two_vegetables, layout_basic, david_orc_2
Temple:   sentei_temple_godly_chess
Orc:1:    layout_caves, nicolae_volcano_entry_hallway
Orc:2:    st_orc_pillars, layout_diamond_mine, ebering_ghost_xom, serial_shops,
          nicolae_shop_rolling_square, shop_coins, nicolae_shop_rolled_up,
          regret_index_xom_of_box

Skill      XL: |  1  2  3  4  5  6  7  8  9 10 11 12 13 |
---------------+----------------------------------------+-----
Armour         | 4 5 6 8 9 10 11 | 11.9
Fighting       | 4 5 6 8 9 10 11 | 11.8
Shields        | 5 6 8 9 10 12 13 14 | 14.0
Axes           | 3 4 5 7 8 9 10 11 | 11.0

Action                     |  1- 3 |  4- 6 |  7- 9 | 10-12 | 13-15 || total
---------------------------+-------+-------+-------+-------+-------++-------
  Melee: War axe           |    87 |   142 |   209 |   510 |       ||   948
         Battleaxe         |       |       |       |    84 |    55 ||   139
Ability: Dig               |       |     1 |       |     4 |       ||     5
         Shaft Self        |       |       |     1 |     1 |       ||     2
  Evoke: Wand              |       |       |    15 |    48 |       ||    63
    Use: Scroll            |       |       |     1 |    13 |       ||    14
         Potion            |       |       |     1 |     5 |     1 ||     7
   Stab: Paralysed         |       |       |    13 |    46 |       ||    59
         Invisible         |       |       |       |     2 |    13 ||    15
         Fleeing           |       |       |       |     1 |       ||     1
 Armour: Scale mail        |    61 |    94 |   160 |       |       ||   315
         Skin              |       |       |    41 |       |       ||    41
         Plate armour      |       |       |     4 |   483 |    36 ||   523
  Dodge: Dodged            |    41 |    61 |   115 |   233 |    24 ||   474
  Block: Buckler           |    22 |    31 |    77 |   202 |    12 ||   344

Table legend: (Time is in decaauts)
 A = Elapsed time spent in this place.
 B = Non-inter-level travel time spent in this place.
 C = Inter-level travel time spent in this place.
 D = Time resting spent in this place.
 E = Time spent auto-exploring this place.
 F = Levels seen in this place.
 G = Mean time per level.
                   A        B        C        D        E       F      G
               +--------+--------+--------+--------+--------+-----+--------+
         Total |   8282 |   7729 |    553 |     14 |      0 |  14 |  591.6 |
       Dungeon |   6983 |   6438 |    545 |     14 |      0 |  10 |  698.3 |
        Temple |     18 |     10 |      8 |      0 |      0 |   1 |   18.0 |
  Orcish Mines |    870 |    870 |      0 |      0 |      0 |   2 |  435.0 |
       Volcano |    409 |    409 |      0 |      0 |      0 |   1 |  409.0 |
               +--------+--------+--------+--------+--------+-----+--------+

Top non-repeatable levels by time:
     D:4: 1045 daAuts
     D:8: 822 daAuts
     D:2: 749 daAuts
     D:9: 748 daAuts
    D:10: 714 daAuts
     D:5: 680 daAuts
     D:6: 650 daAuts
     D:1: 610 daAuts
     D:7: 589 daAuts
   Orc:1: 576 daAuts
 Volcano: 409 daAuts
     D:3: 373 daAuts
   Orc:2: 293 daAuts
  Temple: 18 daAuts
